Description

2 Base Muta into Roach Ravager

Replay - 20-05-01 20_09_54 [ZvT] Eternal Empire LE

Build Order

Get SALT Encoding   

  17  0:52  Hatchery  Standard Hatch/Gas/Pool 2 Queens 4 Lings
  26  2:11  Metabolic Boost  First 100 Gas
  31  2:39  Queen  
  35  2:48  Extractor, Lair  Second 100 Gas
  44  3:28  Extractor x2  @Natural Mineral Satu
  45  3:46  Spire  @Liar Finish
  52  4:16  Hatchery, Zergling x6  @2 Base Satu
  57  4:58  Mutalisk x8  
  75  5:24  Evolution Chamber x2, Roach Warren  @Muta Pop
  83  5:51  Zerg Ground Armor Level 1, Zerg Missile Weapons Level 1  @Evo
  92  6:14  Extractor x2  
  92  6:19  Glial Reconstitution  @RW
  92  6:25  Roach, Hatchery  @Roach Production
  170  8:00  Action  Roach Move Out
Spawning Tool Build Advisor. Get it on Overwolf

Analysis

Benchmark: 6:00 8 Muta Attack 8:30 MaxOut 1/1 Speed Roach ravager Push

Go to:

Details

  • Created by: MadMax
  • Published on: May 04, 2020
  • Modified on: May 04, 2020
  • Patch: 4.11.0
Show
View Real Time Build Order
Export as new Build Order

Comments (0)

There are no comments. Be the first!

Create an account to comment!